 Dungeon Crawl Stone Soup version 0.21.0-37-g46506fa (webtiles) character file.

175 Zhenya24pyc the Cudgeler (level 5, -1/34 HPs)
             Began as a Gargoyle Fighter on Feb 1, 2018.
             Slain by Zhenya24pyc's ghost (8 damage)
             ... on level 3 of the Dungeon.
             The game lasted 00:05:01 (1315 turns).

Zhenya24pyc the Cudgeler (Gargoyle Fighter)         Turns: 1315, Time: 00:05:02

Health: -1/34      AC: 10    Str: 20    XL:     5   Next: 55%
Magic:  5/5        EV:  7    Int:  9    God:
Gold:   96         SH:  9    Dex:  9    Spells: 4/4 levels left

rFire    . . .     SeeInvis .   r - +0 flail (holy)
rCold    . . .     Gourm    .   c - +0 shield
rNeg     + . .     Faith    .   b - +0 scale mail
rPois    ∞         Spirit   .   (no helmet)
rElec    +         Reflect  .   (no cloak)
rCorr    .         Harm     .   (no gloves)
MR       .....                  (no boots)
Stlth    ..........             (no amulet)
HPRegen  0.11/turn              (no ring)
MPRegen  0.09/turn              (no ring)

@: no status effects
A: negative energy resistance 1, electricity resistance, unbreathing,
petrification resistance, rot immunity, AC +4
a: no special abilities


You were on level 3 of the Dungeon.
You were not hungry.

You visited 1 branch of the dungeon, and saw 3 of its levels.

You collected 96 gold pieces.

Inventory:

Hand Weapons
 a - a +0 flail
 r - a +0 flail of holy wrath (weapon)
Armour
 b - a +0 scale mail (worn)
 c - a +0 shield (worn)
Scrolls
 e - 2 scrolls of teleportation {unknown}
 h - a scroll of blinking {unknown}
 j - 3 scrolls of identify {unknown}
 k - a scroll of enchant armour {unknown}
 l - a scroll of enchant weapon {unknown}
 m - a scroll of fear {unknown}
 p - a scroll of immolation {unknown}
Potions
 d - a potion of might
 g - a potion of lignification {unknown}
 i - a potion of heal wounds {unknown}
 n - a potion of degeneration {unknown}
 q - a potion of flight {unknown}
 s - a potion of resistance {unknown}
Comestibles
 f - 2 rations
 o - 2 chunks of flesh


   Skills:
 + Level 4.6 Fighting
 * Level 4.7 Maces & Flails
 - Level 3.2 Armour
 - Level 3.2 Shields


You had 4 spell levels left.
You didn't know any spells.

Dungeon Overview and Level Annotations

Branches:
Dungeon (3/15)

Altars:
Elyvilon
Uskayaw

Annotations:
D:3 Zhenya24pyc's ghost, amateur GrFi


Innate Abilities, Weirdness & Mutations

You are resistant to torment.
Your stone body is resilient. (AC +4)
You are immune to poison.
You resist negative energy. (rN+)
You are resistant to electric shocks. (rElec)
You can survive without breathing.
You are immune to petrification.
You are immune to rotting.


Message History

You hit the adder but do no damage. You block the adder's attack.
The adder bites you.
* * * LOW HITPOINT WARNING * * *
You closely miss the adder. The adder bites you.
* * * LOW HITPOINT WARNING * * *
You miss the adder. You block the adder's attack.
The adder bites you but does no damage.
Your shield and scale mail prevent you from hitting the adder.
You block the adder's attack.
You sock the adder!
The adder is almost dead.
You block the adder's attack.
Zhenya24pyc's ghost says, "Are you willing to die fighting?
I was!"
The adder bites you but does no damage.
You sock the adder!
You kill the adder!
You closely miss Zhenya24pyc's ghost.
Zhenya24pyc's ghost is heavily damaged.
Zhenya24pyc's ghost hits you!
You die...

###########
###.........###########
.....................##
###.........##.........#
.........†..............
............##......)..#
............##########..
............# #..
...####@##### #.. #W#
#.. ##r## #.. #...# #..
#...# #.. #...# #..
#...# #.. #...# ....#


You could see Zhenya24pyc's ghost and a rat.

Vanquished Creatures
  Terence (D:2)
  3 gnolls (D:2)
  4 adders
  3 oozes
  3 worms
  3 dart slugs
  3 leopard geckos
  4 orcs
  6 hobgoblins
  6 jackals
  4 kobolds (D:1)
  6 bats
  4 frilled lizards
  2 goblins
  5 rats
57 creatures vanquished.

Notes
Turn   | Place    | Note
-------+----------+-------------------------------------------
     0 | D:1      | Zhenya24pyc the Gargoyle Fighter began the quest for the Orb.
     0 | D:1      | Reached XP level 1. HP: 14/14 MP: 1/1
    41 | D:1      | Reached XP level 2. HP: 19/19 MP: 2/2
   353 | D:1      | Reached XP level 3. HP: 24/24 MP: 3/3
   704 | D:2      | Reached XP level 4. HP: 27/29 MP: 4/4
   742 | D:2      | Noticed Terence
   756 | D:2      | Killed Terence
   772 | D:2      | Found a white marble altar of Elyvilon.
   859 | D:2      | Found a hide-covered altar of Uskayaw.
   878 | D:2      | Reached XP level 5. HP: 27/34 MP: 5/5
  1293 | D:3      | Noticed Zhenya24pyc's ghost (amateur GrFi)
  1315 | D:3      | Slain by Zhenya24pyc's ghost

Skill      XL: |  1  2  3  4 |
---------------+-------------+-----
Maces & Flails | 3 4 |  4.7
Fighting       | 4 |  4.6
Armour         | |  3.2
Shields        | |  3.2

Action                   |  1- 3 |  4- 6 || total
-------------------------+-------+-------++-------
Melee: Flail             |   112 |   141 ||   253
  Eat: Chunk             |       |     2 ||     2
Armor: Scale mail        |    82 |   119 ||   201
Dodge: Dodged            |    41 |    62 ||   103
Block: Shield            |    75 |    99 ||   174
